[Event "Titled Tuesday Blitz March 07 Early 2023"]
[White "Gabdrakhmanov, Azat"]
[Black "Wagner, Dennis"]
[WhiteFideId "34189197"]
[BlackFideId "24650684"]
[WhiteElo "2266"]
[BlackElo "2470"]
[Result "1-0"]
[Round "09"]
[TimeControl "180+2"]
[Date "2023.03.07"]
[WhiteClock "0:00:09"]
[BlackClock "0:00:04"]

1. e4 c5 2. Nf3 d6 3. d4 cxd4 4. Nxd4 Nf6 5. Nc3 a6 6. Be3 e5 7. Nb3 Be7 8. f3 Be6 9. Qd2 O-O 10. O-O-O Nbd7 11. g4 b5 12. g5 Nh5 13. Kb1 Nb6 14. Qf2 Nc4 15. Bxc4 bxc4 16. Na5 Rc8 17. Nd5 Bxg5 18. Bxg5 Qxg5 19. Rhg1 Qd8 20. Nb7 Qd7 21. Nxd6 Rb8 22. Qh4 Bxd5 23. Rxd5 Nf4 24. Nf5 Qxf5 25. exf5 Nxd5 26. Qxc4 Nf6 27. Qh4 Kh8 28. Rxg7 Kxg7 29. Qg5+ Kh8 30. Qxf6+ Kg8 31. b3 Rfe8 32. Qxa6 e4 33. fxe4 Rxe4 34. Qf6 Rg4 35. Qc6 Rd8 36. a4 Rg1+ 37. Kb2 Rdd1 38. f6 h6 39. Qe8+ Kh7 40. Qxf7+ Kh8 41. Qe8+ Kh7 42. Qe7+ Kg6 43. f7 Rb1+ 44. Kc3 Rbe1 45. f8=Q Rxe7 46. Qxe7 Kh5 47. a5 Rg2 48. a6 Rxh2 49. a7 Rg2 50. a8=Q Rg3+ 51. Kb2 Rh3 52. Qf7+ Kh4 53. Qe4+ Kg3 54. Qff4# 1-0


[Site "https://www.chess.com"]

[Event "Titled Tuesday Blitz March 07 Early 2023"]
[White "Shapiro, Viktor"]
[Black "Rozman, Levy"]
[WhiteFideId "4175700"]
[BlackFideId "2039877"]
[WhiteElo "2152"]
[BlackElo "2376"]
[Result "1-0"]
[Round "09"]
[TimeControl "180+2"]
[Date "2023.03.07"]
[WhiteClock "0:00:20"]
[BlackClock "0:00:02"]

1. c4 g6 2. Nc3 Bg7 3. g3 d6 4. Bg2 Nc6 5. Nf3 Bd7 6. O-O Qc8 7. h4 h6 8. d3 g5 9. hxg5 hxg5 10. Bxg5 Bh3 11. Bh4 Bf6 12. Ne4 Bxh4 13. Nxh4 Nh6 14. e3 Ne5 15. d4 Ng6 16. Nxg6 fxg6 17. Ng5 Bxg2 18. Kxg2 Qf5 19. Nf3 O-O-O 20. Qe2 Qe4 21. Rad1 Rdf8 22. d5 Nf5 23. Rh1 Rxh1 24. Rxh1 Nd4 25. Rh4 Qxf3+ 26. Qxf3 Nxf3 27. Rh7 Ne1+ 28. Kf1 Nd3 29. f4 Nxb2 30. Rxe7 Nxc4 31. Ke2 Kd8 32. Rg7 Re8 33. Rxg6 Nxe3 34. Kf2 Nxd5 35. f5 c5 36. g4 c4 37. Rxd6+ Kc7 38. Rxd5 Kc6 39. Rd4 b5 40. f6 Kc5 41. f7 Rf8 42. Rf4 c3 43. Ke3 b4 44. Kd3 a5 45. g5 Rd8+ 46. Kc2 Rd2+ 47. Kb1 Rd1+ 48. Kc2 Rd2+ 49. Kc1 Kb5 50. f8=Q Ka4 51. Qf7 Rb2 52. Rf5 b3 53. axb3+ Ka3 54. Rxa5+ 1-0


[Site "https://www.chess.com"]

[Event "Titled Tuesday Blitz March 07 Early 2023"]
[White "Derjabin, Ilja"]
[Black "Klabis, Rokas"]
[WhiteFideId "14104768"]
[BlackFideId "12805246"]
[WhiteElo "2309"]
[BlackElo "2288"]
[Result "1-0"]
[Round "09"]
[TimeControl "180+2"]
[Date "2023.03.07"]
[WhiteClock "0:00:08"]
[BlackClock "0:01:34"]

1. d4 Nf6 2. c4 e6 3. Nc3 Bb4 4. a3 Bxc3+ 5. bxc3 d6 6. f3 O-O 7. e4 e5 8. Bd3 Nbd7 9. Ne2 b6 10. O-O a5 11. g4 Qe7 12. Ng3 Ba6 13. g5 Ne8 14. Nf5 Qd8 15. Ra2 g6 16. Nh6+ Kh8 17. f4 Qe7 18. f5 c6 19. h4 Nc7 20. h5 b5 21. Rh2 bxc4 22. Bc2 exd4 23. cxd4 c3 24. Rf3 c5 25. Ng4 gxf5 26. exf5 cxd4 27. Qxd4+ Ne5 28. g6 Nb5 29. g7+ Kg8 30. f6 Nxg4 31. Qxg4 Qe1+ 32. Rf1 Rfe8 33. Bxh7+ Kxh7 34. Rxe1 Kg8 35. Rxe8+ Rxe8 36. h6 1-0


[Site "https://www.chess.com"]

[Event "Titled Tuesday Blitz March 07 Early 2023"]
[White "Garakov, Mikhael"]
[Black "Bolourchifard, Farzad"]
[WhiteFideId "4169034"]
[BlackFideId "12510084"]
[WhiteElo "2347"]
[BlackElo "2317"]
[Result "0-1"]
[Round "09"]
[TimeControl "180+2"]
[Date "2023.03.07"]
[WhiteClock "0:00:24"]
[BlackClock "0:00:20"]

1. e4 e5 2. Nf3 Nc6 3. Bb5 a6 4. Bxc6 dxc6 5. O-O f6 6. d4 exd4 7. Nxd4 c5 8. Nb3 Qxd1 9. Rxd1 Bd7 10. Nc3 O-O-O 11. Bf4 Be6 12. Rxd8+ Kxd8 13. Rd1+ Kc8 14. Nd5 Bxd5 15. Rxd5 b6 16. Nd2 Ne7 17. Rd3 Ng6 18. Bg3 Be7 19. Nc4 Re8 20. Ne3 Nf8 21. Nf5 Ne6 22. Kf1 c4 23. Nxe7+ Rxe7 24. Rd1 Nc5 25. f3 Na4 26. Rb1 Rd7 27. Ke2 c3 28. b3 Rd2+ 29. Kf1 Nb2 30. Rc1 b5 31. Be1 b4 32. h4 Kd7 33. h5 g6 34. h6 f5 35. exf5 gxf5 36. Bh4 Ke6 37. Bg5 c5 38. Be3 Kd5 39. g4 fxg4 40. fxg4 Ke4 41. Bxc5 Kf3 42. Bxb4 Nd1 43. Ke1 Rh2 44. Bxc3 Nxc3 45. g5 Ne4 0-1


[Site "https://www.chess.com"]

[Event "Titled Tuesday Blitz March 07 Early 2023"]
[White "Aldokhin, Ivan"]
[Black "Omariev, Maksim"]
[WhiteFideId "24115720"]
[BlackFideId "4193423"]
[WhiteElo "2322"]
[BlackElo "2493"]
[Result "1-0"]
[Round "09"]
[TimeControl "180+2"]
[Date "2023.03.07"]
[WhiteClock "0:00:55"]
[BlackClock "0:00:01"]

1. e4 c5 2. Nf3 d6 3. d4 cxd4 4. Nxd4 Nf6 5. Nc3 a6 6. Bc4 e6 7. Bb3 b5 8. O-O Be7 9. Re1 O-O 10. Qf3 Bb7 11. Bg5 Nbd7 12. Rad1 b4 13. Na4 Qa5 14. Qg3 Nh5 15. Bxe7 Nxg3 16. hxg3 Rfe8 17. Bxd6 Nf6 18. Nc5 Qb6 19. e5 Nd5 20. Nd7 Qa7 21. Bc5 Bc8 22. Bxa7 Rxa7 23. Nc5 a5 24. Nb5 Ra8 25. Bxd5 exd5 26. Nc7 1-0


[Site "https://www.chess.com"]

[Event "Titled Tuesday Blitz March 07 Early 2023"]
[White "Andreev, Konstantin"]
[Black "Karthik Rajaa"]
[WhiteFideId "24239305"]
[BlackFideId "25035215"]
[WhiteElo "2106"]
[BlackElo "2215"]
[Result "1/2-1/2"]
[Round "09"]
[TimeControl "180+2"]
[Date "2023.03.07"]
[WhiteClock "0:00:06"]
[BlackClock "0:00:20"]

1. e4 c6 2. d4 d5 3. e5 Bf5 4. Nf3 e6 5. Be2 c5 6. c4 Nc6 7. Nc3 dxc4 8. dxc5 Qxd1+ 9. Nxd1 Bxc5 10. Bxc4 Nge7 11. Ne3 Be4 12. Ng5 Bg6 13. f4 Rc8 14. Nf3 O-O 15. b3 Nd4 16. Bd2 Nxf3+ 17. gxf3 Nc6 18. Kf2 Rfd8 19. Bc3 Nd4 20. Bxd4 Bxd4 21. Rad1 b5 22. Bxb5 Rc3 23. Rhe1 Bxe3+ 24. Rxe3 Rc2+ 25. Ke1 Rxd1+ 26. Kxd1 Rxa2 27. Re2 Ra1+ 28. Kd2 h5 29. Bd3 Ra2+ 30. Ke3 Ra3 31. Bxg6 fxg6 32. Rb2 Kf7 33. Kd4 Ra1 34. Rc2 h4 35. Ke4 Ra3 36. Rc7+ Kg8 37. Re7 Ra6 38. Kd4 Kf8 39. Rc7 Rb6 40. Kc3 a6 41. b4 Kg8 42. Kc4 Kh7 43. Ra7 g5 44. fxg5 Kg6 45. Kc5 Rb5+ 46. Kc4 Rb6 47. f4 h3 48. Kc5 Rb5+ 49. Kc4 Rb6 50. Kc5 Rb5+ 51. Kc4 Rb6 1/2-1/2


[Site "https://www.chess.com"]

[Event "Titled Tuesday Blitz March 07 Early 2023"]
[White "Aarav Dengla"]
[Black "Petrosian, Karlen"]
[WhiteFideId "45059756"]
[BlackFideId "4176146"]
[WhiteElo "2285"]
[BlackElo "2345"]
[Result "1-0"]
[Round "09"]
[TimeControl "180+2"]
[Date "2023.03.07"]
[WhiteClock "0:00:03"]
[BlackClock "0:00:04"]

1. e3 g6 2. d4 Bg7 3. c4 Nf6 4. Nc3 O-O 5. g3 d6 6. Bg2 Nbd7 7. Nge2 e5 8. O-O Re8 9. Qc2 Qe7 10. b3 e4 11. Bb2 c6 12. d5 c5 13. h3 h5 14. h4 Nf8 15. a4 a5 16. Nf4 Bf5 17. Bh3 Ng4 18. Nb5 Nh7 19. Bxg7 Kxg7 20. Rae1 Nhf6 21. Qc3 b6 22. Na3 Ne5 23. Bxf5 gxf5 24. Nb1 Kh6 25. Nd2 Rg8 26. Qc2 Rg4 27. Kh2 Rag8 28. Rg1 Nfd7 29. Ref1 Rxh4+ 30. Nh3 Rhg4 31. f3 exf3 32. Qxf5 R8g6 33. Nf4 R6g5 34. Qc2 Nf6 35. Nxf3 Nxf3+ 36. Rxf3 h4 37. Nh3 hxg3+ 38. Kg2 Rh5 39. Rf4 Rg6 40. Qe2 Qe5 41. Qf3 Ng4 42. Rxg4 Rxg4 43. Qxg4 Qxe3 44. Qxg3 Qd2+ 45. Qf2 Qd3 46. Qf4+ Kg7 47. Qg3+ Kf8 48. Qxd3 1-0


[Site "https://www.chess.com"]

[Event "Titled Tuesday Blitz March 07 Early 2023"]
[White "Korchmar, Vasiliy"]
[Black "Sargissyan, Sargis"]
[WhiteFideId "24131750"]
[BlackFideId "13303210"]
[WhiteElo "2370"]
[BlackElo "2109"]
[Result "1-0"]
[Round "09"]
[TimeControl "180+2"]
[Date "2023.03.07"]
[WhiteClock "0:00:05"]
[BlackClock "0:00:04"]

1. e4 e5 2. Nf3 Nc6 3. Bc4 Bc5 4. c3 Nf6 5. d3 O-O 6. Bg5 h6 7. Bh4 Be7 8. Nbd2 d6 9. O-O Nh5 10. Bg3 Nxg3 11. hxg3 Kh8 12. d4 f5 13. dxe5 dxe5 14. exf5 Bxf5 15. Qe2 Bd6 16. Bd3 Qf6 17. Bxf5 Qxf5 18. Ne4 Rad8 19. Rad1 Be7 20. Rfe1 a6 21. Rxd8 Rxd8 22. Qc4 Kh7 23. a4 Rf8 24. g4 Qc8 25. g5 Rf4 26. gxh6 gxh6 27. Qd5 Qf5 28. Ng3 Qg6 29. Nxe5 Nxe5 30. Qxe5 Bd6 31. Qd5 Rxf2 32. Kxf2 Bxg3+ 33. Kf1 Qf6+ 34. Ke2 Qe7+ 35. Kf3 Bxe1 36. Qxb7 a5 37. Qd5 Qf6+ 38. Ke2 Qe7+ 39. Kd1 Bh4 40. Qf5+ Kg7 41. Qxa5 Bg5 42. Kc2 Qe4+ 43. Kb3 Qxg2 44. Qxc7+ Kg6 45. a5 Bc1 46. Qd6+ Kg7 47. Qe7+ Kg6 48. Qe6+ Kg7 49. Qe7+ Kg6 50. Qe8+ Kg7 51. Qd7+ Kg6 52. Qe6+ Kg7 53. Qe5+ Kg6 54. c4 Qf3+ 55. Ka4 Qc6+ 56. Ka3 Qxc4 57. Qd6+ Kg5 58. a6 1-0


[Site "https://www.chess.com"]

[Event "Titled Tuesday Blitz March 07 Early 2023"]
[White "Ansh M Shah"]
[Black "Kowalczyk, Pawel"]
[WhiteFideId "25033379"]
[BlackFideId "1130641"]
[WhiteElo "2084"]
[BlackElo "2324"]
[Result "1-0"]
[Round "09"]
[TimeControl "180+2"]
[Date "2023.03.07"]
[WhiteClock "0:00:04"]
[BlackClock "0:00:36"]

1. d4 Nf6 2. c4 g6 3. h4 h5 4. Nc3 d5 5. Bg5 Ne4 6. cxd5 Nxc3 7. bxc3 Qxd5 8. Nf3 Bg7 9. Nd2 c5 10. e4 Qd6 11. e5 Qc7 12. Bc4 Nc6 13. Rc1 O-O 14. O-O Bg4 15. Qc2 e6 16. Nb3 cxd4 17. cxd4 Qb6 18. Qe4 Bf5 19. Qf4 Nb4 20. Nc5 Rfc8 21. Nd7 Qa5 22. Nf6+ Kh8 23. Bh6 Nxa2 24. Bxa2 Qxa2 25. Qg5 Qe2 26. f3 Rg8 27. Bxg7+ Kxg7 28. Nxh5+ Kf8 29. Qh6+ Ke7 30. Qg5+ Kf8 31. Ng3 Qd3 32. Rc7 Qxd4+ 33. Kh2 Qxe5 34. Qe7+ Kg7 35. Qxf7+ Kh6 36. Qh7# 1-0


[Site "https://www.chess.com"]

[Event "Titled Tuesday Blitz March 07 Early 2023"]
[White "Matinian, Nikita"]
[Black "Saito, Vinicius"]
[WhiteFideId "24129100"]
[BlackFideId "2113384"]
[WhiteElo "2422"]
[BlackElo "2152"]
[Result "1/2-1/2"]
[Round "09"]
[TimeControl "180+2"]
[Date "2023.03.07"]
[WhiteClock "0:00:03"]
[BlackClock "0:00:09"]

1. e4 c5 2. Nc3 a6 3. g3 b5 4. Bg2 Bb7 5. f4 e6 6. d3 Nf6 7. Nf3 d5 8. e5 Nfd7 9. O-O Nc6 10. g4 Be7 11. Bd2 O-O 12. Ne2 Re8 13. Ng3 Nd4 14. c3 Nxf3+ 15. Qxf3 Rb8 16. d4 cxd4 17. cxd4 Rc8 18. f5 exf5 19. gxf5 f6 20. e6 Nb6 21. Qg4 Kh8 22. Nh5 Rg8 23. Rf3 Nc4 24. Bf4 Bd6 25. Rh3 Qb6 26. Bxd6 Nxd6 27. Kh1 Ne4 28. Bxe4 dxe4 29. Nf4 e3+ 30. Kg1 h6 31. Ng6+ Kh7 32. Ne7 Qd6 33. Nxc8 Rxc8 34. Rg3 Rc7 35. Qg6+ Kh8 36. Qe8+ Kh7 37. Re1 Qd5 38. Qg6+ Kh8 39. Qe8+ Kh7 40. Qg6+ Kh8 41. Qe8+ Kh7 1/2-1/2


[Site "https://www.chess.com"]

[Event "Titled Tuesday Blitz March 07 Early 2023"]
[White "Preotu, Razvan"]
[Black "Fathy, Elameir"]
[WhiteFideId "2613280"]
[BlackFideId "10600396"]
[WhiteElo "2407"]
[BlackElo "2311"]
[Result "0-1"]
[Round "09"]
[TimeControl "180+2"]
[Date "2023.03.07"]
[WhiteClock "0:00:13"]
[BlackClock "0:00:08"]

1. e4 c6 2. Nc3 d5 3. Nf3 Bg4 4. h3 Bxf3 5. Qxf3 e6 6. Be2 Bc5 7. O-O Nd7 8. exd5 exd5 9. Re1 Ne7 10. Na4 O-O 11. Nxc5 Nxc5 12. d4 Ne4 13. Bd3 f5 14. c4 Qd7 15. Bf4 Ng6 16. Bh2 Rae8 17. cxd5 cxd5 18. Rac1 Qa4 19. Qd1 Qxd4 20. Bxe4 Qxd1 21. Rexd1 dxe4 22. Rd7 Rf7 23. Rcc7 Rxd7 24. Rxd7 Re7 25. Rd8+ Kf7 26. Bd6 Re6 27. Bc5 b6 28. Bb4 a5 29. Bc3 f4 30. Rd7+ Re7 31. Rd6 Re6 32. Rxe6 Kxe6 33. Bxg7 Kd5 34. Kf1 b5 35. Ke2 a4 36. b3 axb3 37. axb3 Ne7 38. g4 fxg3 39. fxg3 Nf5 40. Bc3 Nxg3+ 41. Ke3 Nf5+ 42. Kf4 Nd4 43. Kg5 Nxb3 44. Kh6 Kc4 45. Be1 Kd3 46. Kxh7 Nd2 0-1


[Site "https://www.chess.com"]

[Event "Titled Tuesday Blitz March 07 Early 2023"]
[White "Martynov, Pavel"]
[Black "Delorme, Alban"]
[WhiteFideId "4101260"]
[BlackFideId "623636"]
[WhiteElo "2314"]
[BlackElo "2196"]
[Result "1-0"]
[Round "09"]
[TimeControl "180+2"]
[Date "2023.03.07"]
[WhiteClock "0:01:03"]
[BlackClock "0:00:01"]

1. e4 c5 2. Nf3 d6 3. Bb5+ Bd7 4. Bxd7+ Nxd7 5. O-O Ngf6 6. Re1 g6 7. c3 Bg7 8. d4 cxd4 9. cxd4 d5 10. e5 Ne4 11. Nbd2 Nxd2 12. Bxd2 e6 13. Bb4 a5 14. Bd6 Nb6 15. Rc1 Nc4 16. Rxc4 dxc4 17. d5 Bf8 18. dxe6 fxe6 19. Qd4 Qd7 20. Ng5 Bxd6 21. exd6 O-O 22. Rxe6 Rae8 23. Rxe8 Rxe8 24. Qxc4+ Kg7 25. Qd4+ Kg8 26. h4 h6 27. Ne4 Rxe4 28. Qxe4 Qxd6 29. g3 b6 30. Kg2 Kg7 31. Qb7+ Kf6 32. Qf3+ Kg7 33. h5 gxh5 34. Qxh5 Qd4 35. b3 Qb2 36. Qg4+ Kh8 37. Qc8+ Kh7 38. Qb7+ Kh8 39. Qxb6 Qxa2 40. Qxh6+ Kg8 41. Qg5+ Kf7 42. Qd5+ Ke7 43. Qc5+ Kd7 44. b4 a4 45. b5 Qb3 46. b6 a3 47. Qc7+ Ke6 48. b7 Qd5+ 49. Kh2 Qf3 50. Qc4+ Ke7 51. Qb4+ Kd7 52. b8=Q Qxf2+ 53. Kh3 Qf5+ 54. Kh4 Qh7+ 55. Kg4 Qg6+ 56. Kf4 Qf6+ 57. Ke3 Qe5+ 58. Qxe5 1-0


[Site "https://www.chess.com"]

[Event "Titled Tuesday Blitz March 07 Early 2023"]
[White "Rastbod, Ali"]
[Black "Afanasieva, Alexandra"]
[WhiteFideId "12567477"]
[BlackFideId "34126926"]
[WhiteElo "2211"]
[BlackElo "1763"]
[Result "1-0"]
[Round "09"]
[TimeControl "180+2"]
[Date "2023.03.07"]
[WhiteClock "0:00:04"]
[BlackClock "0:00:02"]

1. d4 Nf6 2. Nc3 d5 3. Bf4 c5 4. e3 a6 5. dxc5 Nc6 6. Nf3 Bg4 7. h3 Bxf3 8. Qxf3 e6 9. O-O-O Bxc5 10. e4 d4 11. e5 Nd5 12. Nxd5 Qxd5 13. Qxd5 exd5 14. Bg3 O-O 15. f4 Rfe8 16. Bh4 Rac8 17. a3 d3 18. Rxd3 Nd4 19. c3 Nf5 20. Be1 d4 21. Kb1 Red8 22. Be2 Ne3 23. Bf3 Nc4 24. Be4 b5 25. Bf2 Ne3 26. Bxe3 dxe3 27. Kc2 Rxd3 28. Bxd3 f6 29. e6 Kf8 30. Bxh7 Ke7 31. g4 Rh8 32. Bf5 g5 33. fxg5 fxg5 34. Rd1 Bd6 35. Kd3 Rxh3 36. Re1 Bc5 37. b4 Bb6 38. Ke4 Rh2 39. Rd1 Rd2 40. Re1 Rc2 41. Kd3 Rd2+ 42. Ke4 Rf2 43. Kd5 Rd2+ 44. Kc6 Ba7 45. Kb7 Bb8 46. Kxb8 e2 47. Kb7 1-0


[Site "https://www.chess.com"]

[Event "Titled Tuesday Blitz March 07 Early 2023"]
[White "Manelyuk, Daniil"]
[Black "Ronka, Erik"]
[WhiteFideId "44173920"]
[BlackFideId "505080"]
[WhiteElo "2259"]
[BlackElo "2264"]
[Result "1-0"]
[Round "09"]
[TimeControl "180+2"]
[Date "2023.03.07"]
[WhiteClock "0:02:09"]
[BlackClock "0:00:25"]

1. e4 c5 2. Nf3 d6 3. d4 cxd4 4. Nxd4 Nf6 5. Nc3 a6 6. f3 e6 7. Be3 Nbd7 8. Qd2 b5 9. O-O-O Nb6 10. e5 dxe5 11. Ndxb5 Qxd2+ 12. Rxd2 axb5 13. Bxb6 Nd7 14. Bxb5 Bb4 15. Rhd1 O-O 16. Bxd7 Bxd7 17. Rxd7 1-0


[Site "https://www.chess.com"]

[Event "Titled Tuesday Blitz March 07 Early 2023"]
[White "Buksa, Nataliya"]
[Black "Fiorito, Francisco"]
[WhiteFideId "14123622"]
[BlackFideId "180165"]
[WhiteElo "2316"]
[BlackElo "2341"]
[Result "1-0"]
[Round "09"]
[TimeControl "180+2"]
[Date "2023.03.07"]
[WhiteClock "0:00:17"]
[BlackClock "0:00:37"]

1. d4 Nf6 2. Nc3 d5 3. Bf4 c5 4. e3 cxd4 5. exd4 Bg4 6. Be2 Bxe2 7. Qxe2 a6 8. Nf3 Nc6 9. Be3 e6 10. O-O Bd6 11. a3 h6 12. Qd3 O-O 13. h3 Qb6 14. Rab1 Rac8 15. Rfe1 Ne7 16. Ne2 Nf5 17. c3 Ne4 18. Bf4 Rfe8 19. Bxd6 Nfxd6 20. Nd2 e5 21. Nxe4 Nxe4 22. Rf1 Qg6 23. Rbd1 exd4 24. Qxd4 Rcd8 25. Nf4 Qg5 26. Nxd5 Kh8 27. c4 Nd6 28. b3 Nf5 29. Qg4 Qxg4 30. hxg4 Nd6 31. Rfe1 Ne4 32. f3 Nc5 33. b4 Na4 34. Kf2 Nb2 35. Rxe8+ Rxe8 36. Rd4 Rd8 37. c5 Na4 38. Ke3 Kh7 39. Kd3 Nb2+ 40. Kc2 Na4 41. Kb3 b5 42. Nf6+ gxf6 43. Rxd8 f5 44. Ra8 fxg4 45. fxg4 Nxc5+ 46. bxc5 1-0


[Site "https://www.chess.com"]

[Event "Titled Tuesday Blitz March 07 Early 2023"]
[White "Lewtak, Damian"]
[Black "Yosha_Iglesias"]
[WhiteFideId "1141724"]
[WhiteElo "2302"]
[BlackElo "2498"]
[Result "1-0"]
[Round "09"]
[TimeControl "180+2"]
[Date "2023.03.07"]
[WhiteClock "0:00:33"]
[BlackClock "0:00:02"]

1. e4 c5 2. Nf3 d6 3. Bb5+ Bd7 4. Bxd7+ Qxd7 5. O-O Nc6 6. c3 d5 7. d3 dxe4 8. dxe4 Qxd1 9. Rxd1 e6 10. Be3 Nf6 11. Nbd2 Be7 12. h3 O-O 13. Kf1 Rfd8 14. Ke2 h6 15. Nh2 Kf8 16. Ng4 Nxg4 17. hxg4 b5 18. a4 a6 19. Nb3 c4 20. Nd4 Nxd4+ 21. Bxd4 Bf6 22. Bxf6 gxf6 23. Rxd8+ Rxd8 24. axb5 axb5 25. Ra7 Rb8 26. Rc7 e5 27. Ke3 Kg7 28. g3 Kg6 29. Kf3 Rb6 30. Kg2 Rb8 31. Kh3 Rb6 32. f4 Rd6 33. Rb7 Rd3 34. fxe5 fxe5 35. Rxb5 f6 36. Rc5 Rd2 37. Rxc4 Rxb2 38. Rc8 Re2 39. c4 Rxe4 40. Kg2 Re3 41. c5 Rc3 42. c6 Kg7 43. Kf2 e4 44. c7 1-0


[Site "https://www.chess.com"]

[Event "Titled Tuesday Blitz March 07 Early 2023"]
[White "Gonzalez, Francisco Silva"]
[Black "Mamedov, Edgar"]
[WhiteFideId "1512285"]
[BlackFideId "13739980"]
[WhiteElo "2074"]
[BlackElo "2330"]
[Result "0-1"]
[Round "09"]
[TimeControl "180+2"]
[Date "2023.03.07"]
[WhiteClock "0:00:41"]
[BlackClock "0:00:04"]

1. d4 d5 2. c4 c6 3. Nc3 Nf6 4. e3 e6 5. Nf3 Nbd7 6. Bd3 Bd6 7. O-O O-O 8. e4 dxc4 9. Bxc4 e5 10. Bg5 h6 11. Bh4 b5 12. Bb3 Bb7 13. Re1 Re8 14. Qc2 exd4 15. Nxd4 Be5 16. Rad1 Qc7 17. Bg3 Bxg3 18. hxg3 Ne5 19. Ncxb5 Qe7 20. Nf5 Qb4 21. Nc7 a5 22. a3 Qb6 23. Nxa8 Rxa8 24. Nd6 a4 25. Ba2 Ba6 26. Qc3 Nfg4 27. Qd4 c5 28. Qc3 c4 29. Qd4 Qxd4 30. Rxd4 Nd3 31. Re2 Nc1 32. Red2 Nxa2 33. Nf5 c3 34. Rd8+ Rxd8 35. Rxd8+ Kh7 36. bxc3 Nxc3 37. f3 Ne5 38. Ra8 Bc4 39. Rc8 Ne2+ 40. Kf2 Nc1 41. Ke3 Nb3 42. Nd4 Be6 43. Nxe6 fxe6 44. Re8 Nc4+ 45. Kf4 e5+ 46. Kf5 Nd6+ 47. Kxe5 Nxe8 48. Kd5 Nc7+ 49. Kc4 Nd2+ 50. Kb4 Nf1 51. g4 Ne3 52. g3 Nf1 53. f4 Nxg3 54. e5 g6 55. Kxa4 h5 56. f5 gxf5 57. gxf5 Nxf5 58. Kb4 h4 59. Kc5 h3 60. Kc6 h2 61. Kxc7 h1=Q 62. Kd7 Qd5+ 63. Ke8 Qe6+ 64. Kd8 Qxe5 65. a4 Qd6+ 66. Kc8 Ne7+ 67. Kb7 Qc6+ 68. Ka7 Qd7+ 69. Kb6 Qxa4 70. Kc7 Qc6+ 71. Kd8 Qd6+ 0-1


[Site "https://www.chess.com"]

[Event "Titled Tuesday Blitz March 07 Early 2023"]
[White "Grunberg, Mihai-Lucian"]
[Black "Leiva, Gianmarco"]
[WhiteFideId "1204149"]
[BlackFideId "3804399"]
[WhiteElo "2363"]
[BlackElo "2345"]
[Result "0-1"]
[Round "09"]
[TimeControl "180+2"]
[Date "2023.03.07"]
[WhiteClock "0:00:59"]
[BlackClock "0:00:03"]

1. Nf3 d5 2. c4 e6 3. g3 Nf6 4. Bg2 Be7 5. O-O O-O 6. d4 c6 7. Qc2 b6 8. Rd1 Nbd7 9. b3 Bb7 10. Nc3 b5 11. cxb5 cxb5 12. Nxb5 Rc8 13. Qd3 Ne4 14. Bb2 Qb6 15. a4 Ba6 16. Ne5 Nxe5 17. dxe5 Nxf2 18. Bd4 Nxd3 19. Bxb6 Bxb5 20. axb5 Nb2 21. Rxa7 Nxd1 22. Rxe7 Rb8 23. Bc5 Rxb5 24. b4 Rfb8 25. e4 d4 26. Bf1 R5b7 27. Rxb7 Rxb7 28. b5 Nc3 29. b6 Na4 30. Bxd4 Nxb6 31. Ba6 Rb8 32. Kf2 Nd7 33. Ke3 h6 34. h4 Rb3+ 35. Kf4 Rb4 36. Be3 Rb3 37. Bd4 g5+ 38. hxg5 hxg5+ 39. Kxg5 Rb4 40. Be3 Rxe4 41. Bf4 Nxe5 42. Bb7 Re1 43. Kf6 Ng4+ 44. Ke7 Rb1 45. Bf3 Nh2 46. Bh5 Rb7+ 47. Ke8 Kg7 48. Be5+ f6 49. Bd6 e5 50. Bf8+ Kh7 51. Be7 e4 52. Bxf6 e3 53. Bd4 Rb4 54. Bc5 Re4+ 55. Kf7 Re5 56. Bg6+ Kh6 57. Bf8+ Kg5 58. Bg7 e2 59. Bf6+ Kg4 60. Bxe5 e1=Q 61. Bf6 Nf3 62. Kg7 Ng5 63. Kh6 Ne4 64. Bh5+ Kxg3 65. Be5+ Kh3 66. Bg6 Qe3+ 67. Kg7 Qg5 68. Kf7 Qxe5 0-1


[Site "https://www.chess.com"]

[Event "Titled Tuesday Blitz March 07 Early 2023"]
[White "Vlassov, Nikolai"]
[Black "Nur-Mukhametova, Alisa"]
[WhiteFideId "4103360"]
[BlackFideId "54117739"]
[WhiteElo "2324"]
[BlackElo "1903"]
[Result "0-1"]
[Round "09"]
[TimeControl "180+2"]
[Date "2023.03.07"]
[WhiteClock "0:00:07"]
[BlackClock "0:00:23"]

1. e4 c5 2. c3 Nf6 3. e5 Nd5 4. d4 cxd4 5. cxd4 d6 6. Bc4 dxe5 7. dxe5 e6 8. Nf3 Nb4 9. Qxd8+ Kxd8 10. Na3 a6 11. O-O Bc5 12. Bg5+ Ke8 13. Rac1 Ba7 14. Bxa6 N8xa6 15. Nb5 Nc6 16. a3 h6 17. Bh4 g5 18. Bg3 Kf8 19. b4 Kg7 20. Nd6 Nd4 21. Nxd4 Bxd4 22. b5 Nc5 23. Rfd1 Nb3 24. Rc7 Rf8 25. h4 Bb6 26. Rc3 Nd4 27. Kf1 Nf5 28. Nxf5+ exf5 29. hxg5 hxg5 30. Rd6 Ba5 31. Rc5 Be6 32. f4 Rac8 33. Rxc8 Rxc8 34. fxg5 Rc3 35. Bf4 Rxa3 36. Kf2 Bc7 37. Rd1 Bb6+ 38. Ke2 Bc4+ 39. Ke1 Bxb5 40. Rb1 Ba5+ 41. Kf2 Bc6 42. e6 fxe6 43. Rh1 Ra2+ 44. Ke3 Bd2+ 45. Kd4 Bxf4 0-1


[Site "https://www.chess.com"]

[Event "Titled Tuesday Blitz March 07 Early 2023"]
[White "Sielecki, Christof"]
[Black "Zacurdajev, Dmitry"]
[WhiteFideId "4620437"]
[BlackFideId "4196309"]
[WhiteElo "2443"]
[BlackElo "2179"]
[Result "1-0"]
[Round "09"]
[TimeControl "180+2"]
[Date "2023.03.07"]
[WhiteClock "0:00:08"]
[BlackClock "0:00:02"]

1. e4 c6 2. d4 d5 3. exd5 cxd5 4. Bd3 Nc6 5. c3 Nf6 6. h3 g6 7. Nf3 Bf5 8. O-O Ne4 9. Re1 Bg7 10. g4 Bc8 11. c4 Nf6 12. g5 Nh5 13. cxd5 Qxd5 14. Nc3 Qd7 15. d5 Qxh3 16. Bf1 Qg4+ 17. Bg2 Nb8 18. d6 O-O 19. dxe7 Re8 20. Nd5 Nc6 21. Nc7 Be6 22. Nxa8 Rxa8 23. Qd6 Re8 24. Be3 Nxe7 25. Ne5 Bxe5 26. Qxe5 Bd5 27. Qh2 Nf5 28. Qh3 Qc4 29. Bxd5 Qxd5 30. Rad1 Qxa2 31. Bc5 Rc8 32. Bd4 Nxd4 33. Rxd4 Qxb2 34. Qxc8+ Kg7 35. Qg4 Qc3 36. Rdd1 b5 37. Qd4+ Qxd4 38. Rxd4 1-0


[Site "https://www.chess.com"]

[Event "Titled Tuesday Blitz March 07 Early 2023"]
[White "Jakubowski, Krzysztof"]
[Black "Vlasak, Lukas"]
[WhiteFideId "1112848"]
[BlackFideId "324752"]
[WhiteElo "2359"]
[BlackElo "2345"]
[Result "0-1"]
[Round "09"]
[TimeControl "180+2"]
[Date "2023.03.07"]
[WhiteClock "0:00:11"]
[BlackClock "0:00:19"]

1. e4 c5 2. Nf3 e6 3. d4 cxd4 4. Nxd4 Nc6 5. Nc3 Qc7 6. Be3 a6 7. Qf3 b5 8. Nxc6 Qxc6 9. O-O-O b4 10. Nd5 exd5 11. exd5 Qf6 12. Qe4+ Qe7 13. Qc4 Nf6 14. Bd3 Bb7 15. Rhe1 Bxd5 16. Qc7 Be6 17. Qb7 Qd8 18. f4 Be7 19. f5 Bd5 20. Qb6 Qxb6 21. Bxb6 Kf8 22. Re2 Bc6 23. Rde1 Nd5 24. Rxe7 Nxe7 25. Bc5 Re8 26. Bxb4 h5 27. f6 gxf6 28. Bxa6 Rh6 29. g3 f5 30. Bc4 Be4 31. b3 d5 32. Bb5 Rc8 33. Re2 Re6 34. Kb2 Rd8 35. a4 Kg7 36. Rd2 Nc6 37. Bc5 Ne5 38. a5 Nf3 39. Rf2 d4 40. b4 Ne5 41. Rd2 d3 42. c3 Nf3 43. Rd1 d2 44. a6 Bd3 45. Bxd3 Rxd3 46. Kc2 Re1 47. a7 Rxd1 48. Kxd1 Rd8 49. b5 Re8 50. Bf2 Re1+ 51. Kc2 d1=Q+ 52. Kb2 Qa1+ 53. Kb3 Rb1+ 54. Kc4 Qa4+ 55. Kd5 Rxb5+ 56. Kc6 Qa6+ 57. Kc7 Rb7+ 58. Kd8 Qd6+ 59. Kc8 Qd7# 0-1


[Site "https://www.chess.com"]